 Dungeon Crawl Stone Soup version 0.24-a0-769-g368c1644f8 (webtiles) character file.

Game seed: 8866658480519725585, levelgen mode: deterministic

43 Grimalkyne the Shooter (level 3, 0/28 HPs)
             Began as a Centaur Arcane Marksman on Oct 5, 2019.
             Succumbed to an adder's poison
             ... on level 1 of the Dungeon.
             The game lasted 00:05:07 (1339 turns).

Grimalkyne the Shooter (Centaur Arcane Marksman)    Turns: 1339, Time: 00:05:08

Health: 0/28       AC:  4    Str: 12    XL:     3   Next: 37%
Magic:  4/4        EV:  9    Int: 12    God:
Gold:   11         SH:  0    Dex: 10    Spells: 1/4 levels left

rFire    . . .     SeeInvis .   a - +0 shortbow
rCold    . . .     Gourm    .   (shield currently unavailable)
rNeg     . . .     Faith    .   e - +0 robe
rPois    .         Spirit   .   (no helmet)
rElec    .         Reflect  .   (no cloak)
rCorr    .         Harm     .   (no gloves)
MR       .....                  (no barding)
Stlth    +.........             (no amulet)
HPRegen  0.09/turn              (no ring)
MPRegen  0.09/turn              (no ring)

@: lethally poisoned (0 -> -11), very quick
A: large, hooves 3, deformed body, speed 2, tough skin 3
a: no special abilities


You were on level 1 of the Dungeon.
You were not hungry.

You visited 1 branch of the dungeon, and saw 2 of its levels.

You collected 11 gold pieces.

Inventory:

Hand Weapons
 a - a +0 shortbow (weapon)
 b - a +0 short sword
   (You took it off a kobold on level 1 of the Dungeon)
Missiles
 d - 9 arrows (quivered)
 g - a stone
Armour
 e - a +0 robe (worn)
Comestibles
 f - 2 rations
 h - 2 chunks of flesh {@w0}


   Skills:
 + Level 1.0 Fighting
 + Level 5.1 Bows
 + Level 1.3 Dodging
 - Level 1.0 Spellcasting
 - Level 2.6 Hexes


You had one spell level left.
You knew the following spells:

 Your Spells              Type           Power        Failure   Level  Hunger
s - Slow                  Hex            #.......     16%         2    ###....
v - Corona                Hex            #......      10%         1    ##.....

Your spell library contained the following spells:

 Spells                   Type           Power        Failure   Level  Hunger
 Inner Flame              Hex/Fire       #.......     45%         3    ####...
 Portal Projectile        Hex/Tloc       #.....       45%         3    ####...
 Cause Fear               Hex            #.........   69%         4    #####..
 Leda's Liquefaction      Hex/Erth       #.........   86%         4    #####..


Dungeon Overview and Level Annotations

Branches:
Dungeon (2/15)

Altars:


Innate Abilities, Weirdness & Mutations

You have hooves in place of feet.
Armour fits poorly on your strangely shaped body.
You cover ground very quickly.
You have extremely tough skin. (AC +3)


Message History

A kobold comes into view.
A hobgoblin comes into view. It is wielding a +0 club.
Throwing (i - inventory)
g - 3 stones (quivered)
Aim: a hobgoblin, wielding a +0 club You throw a stone.
The stone barely misses the hobgoblin.
The kobold shouts!
You hear an angry hiss.
Some of the chunks of flesh in your inventory have rotted away.
Throwing (i - inventory)
g - 2 stones (quivered)
Aim: a hobgoblin, wielding a +0 club You throw a stone.
The stone closely misses the hobgoblin.
You closely miss the hobgoblin. The hobgoblin hits you with a +0 club.
You take 3 damage, and have 25/28 hp.
You hit the hobgoblin but do no damage.
An adder comes into view.
The hobgoblin barely misses you.
The adder hisses angrily.
You hit the hobgoblin but do no damage. The hobgoblin closely misses you.
A worm comes into view.
You barely miss the hobgoblin. The hobgoblin hits you with a +0 club.
You take 1 damage, and have 24/28 hp.
You barely miss the hobgoblin.
A goblin comes into view.
The hobgoblin hits you but does no damage.
You hit the hobgoblin. The hobgoblin closely misses you.
You closely miss the hobgoblin.
You kick the hobgoblin, but do no damage.
The hobgoblin hits you but does no damage.
You closely miss the hobgoblin. Your kick misses the hobgoblin.
The hobgoblin hits you but does no damage.
You hit the hobgoblin.
You kill the hobgoblin!
The adder bites you but does no damage.
You closely miss the adder. Your kick misses the adder. The adder misses you.
You barely miss the adder. Your kick misses the adder. The adder bites you.
You take 1 damage, and have 24/28 hp.
You hit the adder. The adder misses you. The adder bites you.
You take 3 damage, and have 21/28 hp.
You closely miss the adder. Your kick misses the adder. The adder bites you.
You take 4 damage, and have 17/28 hp.
You barely miss the adder. The adder barely misses you. The adder bites you.
You take 2 damage, and have 15/28 hp.
You hit the adder but do no damage. The adder bites you.
You take 4 damage, and have 11/28 hp.
Some of the chunks of flesh in your inventory have rotted away.
There is a stone staircase leading up here.
The adder bites you.
You are poisoned.
The adder poisons you!
You climb upwards.
You feel sick.
There is a stone staircase leading down here.
You take 2 damage, and have 10/28 hp.
a - a +0 shortbow (weapon)
The adder closely misses you.
You are too injured to fight recklessly!
Firing (i - inventory. (/) - cycle)
d - 14 arrows (quivered)
Aim: an adder (moderately wounded)
You shoot an arrow. The arrow closely misses the adder.
You feel sick. The adder bites you but does no damage.
You take 1 damage, and have 9/28 hp.
Firing (i - inventory. (/) - cycle)
d - 13 arrows (quivered)
Aim: an adder (moderately wounded)
You shoot an arrow. The arrow hits the adder.
The adder bites you.
* * * LOW HITPOINT WARNING * * *
You take 2 damage, and have 7/28 hp.
Firing (i - inventory. (/) - cycle)
d - 12 arrows (quivered)
Aim: an adder (moderately wounded)
You shoot an arrow.
The arrow hits the adder but does no damage.
The adder bites you.
* * * LOW HITPOINT WARNING * * *
You are more poisoned.
The adder poisons you! The adder bites you but does no damage.
You take 3 damage, and have 4/28 hp.
You aren't carrying any potions.
You aren't carrying any potions.
You aren't carrying any potions.
Firing (i - inventory. (/) - cycle)
d - 11 arrows (quivered)
Aim: an adder (moderately wounded)
You shoot an arrow. The arrow closely misses the adder.
* * * LOW HITPOINT WARNING * * *
You feel sick. The adder bites you.
* * * LOW HITPOINT WARNING * * *
You are more poisoned.
The adder poisons you!
You take 2 damage, and have 2/28 hp.
Firing (i - inventory. (/) - cycle)
d - 10 arrows (quivered)
Aim: an adder (moderately wounded)
You shoot an arrow. The arrow hits the adder!
You kill the adder!
Training target 5.0 for Bows reached!
Your Bows skill increases to level 5!
You need to enable at least one skill for training.
* * * LOW HITPOINT WARNING * * *
You feel sick.
You take 1 damage, and have 1/28 hp.
As you read the scroll labeled JAEMUB TOUNEY, it crumbles to dust.
You feel momentarily disoriented.
It was a scroll of magic mapping.
* * * LOW HITPOINT WARNING * * *
You feel sick.
You die...

#.............# #.#....
#.............######.....
#.............##..#......
##............##..#......
#............##..#....#.
#............##..#...##.
#............##..#.....⌠
#............##..#..####
#......@.....'..........
#.......(....##..#..####
#................#.....⌠
##.............#..#...##.
#.................#....#.
#.................#......
#.................#......
#..............(..##.....
########...####+#..#.#....


There were no monsters in sight!

Vanquished Creatures
  An adder (D:1)
  A leopard gecko (D:1)
  A giant cockroach (D:1)
  2 goblins (D:1)
  7 hobgoblins
  4 kobolds
  6 bats
  6 frilled lizards (D:1)
  4 rats
32 creatures vanquished.

Notes
Turn   | Place    | Note
-------+----------+-------------------------------------------
     0 | D:1      | Grimalkyne the Centaur Arcane Marksman began the quest for
                  | the Orb.
     0 | D:1      | Reached XP level 1. HP: 16/16 MP: 2/2
    33 | D:1      | Reached skill level 3 in Bows
   296 | D:1      | Reached XP level 2. HP: 18/23 MP: 3/3
   373 | D:1      | Learned a level 2 spell: Slow
   520 | D:1      | Reached skill level 4 in Bows
  1069 | D:1      | Reached XP level 3. HP: 27/28 MP: 4/4
  1334 | D:1      | HP: 7/28 [adder (2)]
  1336 | D:1      | HP: 3/28 [poisoned by an adder]
  1337 | D:1      | Reached skill level 5 in Bows
  1337 | D:1      | HP: 1/28 [poisoned by an adder]
  1339 | D:1      | Succumbed to an adder's poison

Levels and vault maps discovered:
D:1:      matt_arrival_grand_opening, layout_basic
D:2:      layout_basic, lemuel_crystal_altar, first_ration, uniq_natasha

Skill      XL: |  1  2  3 |
---------------+----------+-----
Bows           | 3 4 5 |  5.1
Fighting       | |  1.0
Dodging        | |  1.3
Spellcasting   | |  1.0
Hexes          | |  2.6

Action                   || total
-------------------------++-------
Melee: Unarmed           ||    44
       Kick              ||    11
       Short sword       ||    23
 Fire: Shortbow          ||    64
Throw: Stone             ||    27
 Cast: Corona            ||     2
       Slow              ||     1
  Use: Scroll            ||     1
  Eat: Chunk             ||     1
Armor: Robe              ||    41
Dodge: Dodged            ||    45

Table legend:
 A = Non-vault XP
 B = Vault XP
 C = Vault XP percentage of total XP
 D = Non-vault monster count
 E = Vault monster count
 F = Vault count percentage of total count
                 A         B        C        D         E       F
            +---------+---------+-------+---------+---------+-------
      Total |      62 |       0 |   0.0 |      32 |       0 |   0.0
            +---------+---------+-------+---------+---------+-------
        D:1 |      56 |       0 |   0.0 |      28 |       0 |   0.0
        D:2 |       6 |       0 |   0.0 |       4 |       0 |   0.0
            +---------+---------+-------+---------+---------+-------

Levels and vault maps discovered:
D:1:      matt_arrival_grand_opening, layout_basic
D:2:      layout_basic, lemuel_crystal_altar, first_ration, uniq_natasha

Table legend:
 A = Turns spent in this place as a percentage of turns spent in the entire game.
 B = Non-inter-level travel turns spent in this place as a percentage of non-inter-level travel turns spent in the entire game.
 C = Inter-level travel turns spent in this place as a percentage of turns spent in this place.
 D = Turns resting spent in this place as a percentage of non-inter-level travel turns spent in this place.
 E = Turns spent auto-exploring this place as a percentage of non-inter-level travel turns spent in this place.
 F = Non-inter-level travel turns spent in this place divided by the number of levels of this place that you've seen.
                   A       B       C       D       E      F
               +-------+-------+-------+-------+-------+----------------------
         Total | 100.0 | 100.0 |   0.4 |  34.5 |  37.7 | 667.0
       Dungeon | 100.0 | 100.0 |   0.4 |  34.5 |  37.7 | 667.0
               +-------+-------+-------+-------+-------+----------------------

Table legend:
 A = Kills in this place as a percentage of kills in entire the game.
 B = Kills by you in this place as a percentage of kills by you in the entire game.
 C = Kills by friends in this place as a percentage of kills by friends in the entire game.
 D = Other kills in this place as a percentage of other kills in the entire game.
 E = Experience gained in this place as a percentage of experience gained in the entire game.
 F = Experience gained in this place divided by the number of levels of this place that you have seen.
                   A       B       C       D       E      F
               +-------+-------+-------+-------+-------+----------------------
         Total | 100.0 | 100.0 |   N/A |   N/A | 100.0 |  31.0
       Dungeon | 100.0 | 100.0 |   N/A |   N/A | 100.0 |  31.0
               +-------+-------+-------+-------+-------+----------------------
